 Dungeon Crawl Stone Soup version 0.30.0-5-g1a98f26d00 (webtiles) character file.

Game seed: 5787564295418485759

5523 Demosthentine the Fighter (level 10, -1/80 HPs)
             Began as a Demonspawn Gladiator on May 10, 2023.
             Slain by a gargoyle
             ... wielding a +0 mace
              (5 damage)
             ... on level 8 of the Dungeon.
             The game lasted 00:07:52 (6757 turns).

Demosthentine the Fighter (Demonspawn Gladiator)    Turns: 6757, Time: 00:07:53

Health: -1/80      AC:  9    Str: 16    XL:     10   Next: 43%
Magic:  10/10      EV: 16    Int:  9    God:
Gold:   992        SH:  0    Dex: 18    Spells: 9/9 levels left

rFire   + . .        a - +0 trident
rCold   . . .        (no shield)
rNeg    . . .        m - +0 leather armour {rF+}
rPois   .            c - +0 helmet
rElec   .            q - +0 cloak
rCorr   .            (no gloves)
SInv    +            (no boots)
Will    .....        n - amulet of regeneration
Stlth   +            u - ring of see invisible
HPRegen 1.13/turn    (no ring)
MPRegen 0.12/turn

%: no passive effects
@: mighty, attractive
A: hooves 2, slimy green scales 2, spiny 2
a: no special abilities


You were on level 8 of the Dungeon.
You visited 2 branches of the dungeon, and saw 9 of its levels.
You also visited: Bailey.

You collected 1044 gold pieces.
You spent 52 gold pieces at shops.

Inventory:

Hand Weapons
 a - a +0 trident (weapon)
Missiles
 e - 6 javelins (quivered)
 r - 14 boomerangs
 w - 31 poisoned darts
 x - 12 curare-tipped darts
 G - 8 datura-tipped darts
Armour
 c - a +0 helmet (worn)
 m - a +0 leather armour of fire resistance (worn)
 q - a +0 cloak (worn)
Jewellery
 n - an amulet of regeneration (around neck)
 u - a ring of see invisible (left hand)
 D - a +6 ring of strength
 F - a ring of protection from cold
Wands
 h - a wand of light (22)
 l - a wand of roots (11)
Scrolls
 j - 2 scrolls of identify
 o - 2 scrolls of amnesia
 v - 3 scrolls of fear
 y - 3 scrolls of blinking
 z - 5 scrolls of teleportation
 B - a scroll of fog
 C - 2 scrolls of silence
 E - a scroll of immolation {unknown}
 H - a scroll of magic mapping
Potions
 b - 2 potions of haste
 f - 3 potions of resistance
 g - a potion of might
 i - 4 potions of curing
 k - 2 potions of lignification
 p - a potion of cancellation
 s - a potion of flight
 t - 3 potions of brilliance
 A - a potion of attraction


   Skills:
 + Level 8.1 Fighting
 + Level 7.7 Polearms
 - Level 1.7 Throwing
 + Level 7.0 Armour
 + Level 7.7 Dodging


You had 9 spell levels left.
You didn't know any spells.
Your spell library contained the following spells:

 Spells                   Type           Power      Damage    Failure   Level
 Apportation              Tloc           0%         N/A       43%         1
 Necrotise                Necr           0%         1d4       43%         1
 Summon Small Mammal      Summ           0%         N/A       43%         1
 Sublimation of Blood     Necr           0%         N/A       58%         2
 Wereblood                Tmut           0%         N/A       58%         2
 Portal Projectile        Hex/Tloc       0%         N/A       82%         3
 Tukima's Dance           Hex            0%         N/A       82%         3
 Blade Hands              Tmut           0%         N/A       100%        5
 Summon Hydra             Summ           0%         N/A       100%        7


Dungeon Overview and Level Annotations

Branches:
Dungeon (8/15)             Temple (1/1) D:7            Lair (0/5) D:8
 Bailey (visited)

Altars:
Ashenzari
Cheibriados
Dithmenos
Fedhas
Gozag
Kikubaaqudgha
Makhleb
Nemelex Xobeh
Okawaru
Qazlal
Sif Muna
Trog
Uskayaw
Vehumet
Wu Jian
Xom
Yredelemnul

Shops:
D:2 !

Annotations:
D:3 1 transporter


Innate Abilities, Weirdness & Mutations

You have hoof-like feet.
You are mostly covered in slimy green scales. (AC +3)
You are mostly covered in sharp spines.


Message History

The gargoyle hurls a stone arrow at you.
The stone arrow hits you!!
* * * LOW HITPOINT WARNING * * *
You are too injured to fight recklessly!
Unknown command.
You are too injured to fight recklessly!
Unknown command.
Unknown command.
You are too injured to fight recklessly!
You are too injured to fight recklessly!
Unknown command.
Throw: throwing net
Press: ? - help, Q - select action, (/) - cycle Shift-Dir - straight line, f - gargoyle
Aim: a gargoyle, wielding a +0 mace (heavily damaged, 78% to hit)
Okay, then.
It was a potion of attraction.
You feel attractive to monsters. The gargoyle hits you with a +0 mace!!
* * * LOW HITPOINT WARNING * * *
The black bear is attracted toward you.
Okay, then.
Throw: throwing net
Press: ? - help, Q - select action, (/) - cycle Shift-Dir - straight line, f - gargoyle
Aim: a gargoyle, wielding a +0 mace (heavily damaged, 78% to hit)
You throw a throwing net.
The throwing net barely misses the gargoyle.
The throwing net closely misses the black bear.
The gargoyle hurls a stone arrow at you.
The stone arrow misses you.
Unknown command.
Unknown command.
Okay, then.
You feel very mighty all of a sudden. The gargoyle hits you with a +0 mace.
* * * LOW HITPOINT WARNING * * *
You hit the gargoyle but do no damage.
You kick the gargoyle, but do no damage.
The gargoyle is heavily damaged.
The gargoyle hits you with a +0 mace.
You die...

####
##(.##
#....#
*....*
*.ยง.#*
*#h.*
#9#*
#@##
#..#
#..#
##.##
#..#
##.##
##.##
##.###
#...##


You could see a black bear and a gargoyle.

Vanquished Creatures
  Maurice (D:8)
  A troll (D:6)
  A hornet (D:7)
  Prince Ribbit (D:8)
  8 yaks (D:8)
  A water moccasin (D:6)
  The ghost of Brutalitops the Chopper, an amateur VSCK of Xom (D:3)
  Duvessa (D:7)
  An ice beast (D:6)
  2 orc warriors
  2 sky beasts
  2 black bears
  3 centaurs
  An ogre (D:4)
  9 kobold brigands
  2 bullfrogs
  A necrophage (D:4)
  A gnoll sergeant (D:5)
  2 scorpions
  A water moccasin zombie (D:4)
  5 wights
  Dowan (D:7)
  A killer bee (D:8)
  2 howler monkeys
  A centaur zombie (D:4)
  A hound (D:4)
  A human zombie (D:4)
  Crazy Yiuf (D:3)
  3 iguanas
  2 sleepcaps
  3 orc wizards
  A scorpion zombie (D:4)
  4 hound zombies (D:4)
  12 gnolls
  7 adders
  2 shadow imps (D:7)
  An ufetubus (D:7)
  A worm (D:2)
  2 dart slugs (D:1)
  18 orcs
  4 endoplasms
  4 giant cockroaches
  5 goblins
  10 hobgoblins
  4 quokkas
  5 ball pythons
  3 bats (D:1)
  3 frilled lizards
  32 kobolds
  A quokka zombie (D:4)
  7 rats
189 creatures vanquished.

Vanquished Creatures (others)
  5 dream sheep (D:8)
  An ufetubus (D:4)
6 creatures vanquished.

Grand Total: 195 creatures vanquished

Notes
Turn   | Place    | Note
-------+----------+-------------------------------------------
     0 | D:1      | Demosthentine the Demonspawn Gladiator began the quest for
                  | the Orb.
     0 | D:1      | Reached XP level 1. HP: 16/16 MP: 1/1
   176 | D:1      | Gained mutation: You are partially covered in sharp spines.
                  | [demonic ancestry]
   176 | D:1      | Reached XP level 2. HP: 21/22 MP: 2/2
   476 | D:2      | Reached skill level 1 in Armour
   489 | D:2      | Reached XP level 3. HP: 25/28 MP: 3/3
  1114 | D:2      | Found Asah's Distillery.
  1129 | D:2      | Bought a potion of curing for 39 gold pieces
  1129 | D:2      | Bought a potion of degeneration for 13 gold pieces
  1598 | D:3      | Reached XP level 4. HP: 25/34 MP: 4/4
  1689 | D:3      | Found a faded altar of an unknown god.
  1752 | D:3      | Found a runed translucent gate.
  1753 | D:3      | Found a runed translucent gate.
  1754 | D:3      | Found a runed translucent gate.
  1754 | D:3      | Noticed Brutalitops's ghost (amateur VSCK)
  1754 | D:3      | Noticed a kobold brigand
  1926 | D:3      | Found a sparkling altar of Nemelex Xobeh.
  1926 | D:3      | Found a transporter.
  1927 | D:3      | Noticed a phantom
  2020 | D:3      | Found a runed translucent door.
  2021 | D:3      | Noticed Crazy Yiuf
  2183 | D:3      | Killed Crazy Yiuf
  2323 | D:3      | Killed a kobold brigand
  2324 | D:3      | Reached skill level 3 in Fighting
  2324 | D:3      | Gained mutation: You are mostly covered in sharp spines.
                  | [demonic ancestry]
  2324 | D:3      | Reached XP level 5. HP: 36/41 MP: 5/5
  2329 | D:3      | Killed Brutalitops's ghost
  2330 | D:3      | Reached XP level 6. HP: 29/47 MP: 6/6
  2694 | D:4      | Found a stormy altar of Qazlal.
  2709 | D:4      | Reached skill level 4 in Fighting
  2978 | D:4      | Gained mutation: You are partially covered in slimy green
                  | scales. (AC +2) [demonic ancestry]
  2978 | D:4      | Reached XP level 7. HP: 54/54 MP: 7/7
  3555 | D:4      | Found an ancient bone altar of Kikubaaqudgha.
  3768 | D:5      | Entered Level 5 of the Dungeon
  3782 | D:5      | Reached skill level 5 in Polearms
  3782 | D:5      | Reached skill level 5 in Dodging
  3782 | D:5      | Gained mutation: You have large cloven feet. [demonic
                  | ancestry]
  3782 | D:5      | Reached XP level 8. HP: 61/61 MP: 8/8
  3804 | D:5      | Found an iron altar of Okawaru.
  3841 | D:5      | Reached skill level 5 in Fighting
  4057 | D:5      | HP: 1/62 [gnoll sergeant/+0 trident (8)]
  4290 | D:5      | Found a broken altar of Ashenzari.
  4411 | D:5      | Found an ornate altar of the Wu Jian Council.
  4715 | D:6      | Reached skill level 5 in Armour
  4728 | D:6      | Reached skill level 6 in Fighting
  4905 | D:6      | Found a shadowy altar of Dithmenos.
  4917 | D:6      | Noticed a troll
  4928 | D:6      | Killed a troll
  4929 | D:6      | Gained mutation: You are mostly covered in slimy green
                  | scales. (AC +3) [demonic ancestry]
  4929 | D:6      | Reached XP level 9. HP: 38/69 MP: 9/9
  4972 | D:6      | Found a snail-covered altar of Cheibriados.
  5084 | D:7      | Found a staircase to the Ecumenical Temple.
  5113 | D:7      | Noticed Duvessa
  5113 | D:7      | Noticed Dowan
  5128 | D:7      | Killed Duvessa
  5135 | D:7      | Killed Dowan
  5179 | D:7      | Paralysed by a hornet for 2 turns
  5579 | Temple   | Entered the Ecumenical Temple
  5793 | D:8      | Reached skill level 7 in Fighting
  5804 | D:8      | Found a flagged portal.
  5896 | D:8      | Found an opulent altar of Gozag.
  5940 | D:8      | Gained mutation: You have hoof-like feet. [demonic
                  | ancestry]
  5940 | D:8      | Reached XP level 10. HP: 47/79 MP: 10/10
  5999 | Bailey   | Entered a bailey
  6122 | Bailey   | Found an iron altar of Okawaru.
  6411 | D:8      | Noticed Prince Ribbit
  6426 | D:8      | Killed Prince Ribbit
  6478 | D:8      | Found a staircase to the Lair.
  6523 | D:8      | Noticed Maurice
  6544 | D:8      | Killed Maurice
  6545 | D:8      | Reached skill level 8 in Fighting
  6635 | D:8      | Found a shimmering altar of Xom.
  6747 | D:8      | Noticed a gargoyle
  6754 | D:8      | HP: 4/80 [gargoyle/+0 mace (19)]
  6757 | D:8      | Slain by a gargoyle

Illustrated notes

Levels and vault maps discovered:
D:1:      spicycebolla_arrival_clurvy, layout_rooms
D:2:      minmay_door_path, layout_basic, serial_shops,
          nicolae_shop_window_shopping
D:3:      layout_basic, grunt_nemelex_the_gamble,
          ebering_ecumenical_altar_abandoned, gammafunk_ghost_nasty_kobolds,
          uniq_crazy_yiuf_cottage
D:4:      layout_loops_cross, nicolae_qazlal_scattered_showers,
          lemuel_mausoleum_altar_kikubaaqudgha, kennysheep_generic_room_3
D:5:      layout_basic, mainiacjoe_overflow_tiny_flanked, okawaru_trees_2,
          ashenzari_conservatory_becter, hex_large
D:6:      layout_basic, cheibriados_altar_1, kennysheep_mini,
          minmay_misc_feat_iff, kennysheep_diamond, uniq_pikel
D:7:      layout_rooms, temple_fountains, uniq_duvessa
D:8:      black_bear_nest_1, layout_loops_cross, mainiacjoe_overflow_alcove_4,
          elyvilon_altar_5, zin_statuary, kb_xom_exploding_sheep,
          lair_entry_dummy, enter_bailey_2, minmay_manual_maat,
          uniq_prince_ribbit1, uniq_maurice
Temple:   nicolae_temple_superstar

Skill      XL: |  1  2  3  4  5  6  7  8  9 10 |
---------------+-------------------------------+-----
Polearms       | 3 4 5 6 7 |  7.7
Dodging        | 3 4 5 6 7 |  7.7
Armour         | 1 2 3 4 5 6 7 |  7.0
Fighting       | 3 4 6 7 8 |  8.1
Throwing       | |  1.7

Action                     |  1- 3 |  4- 6 |  7- 9 | 10-12 || total
---------------------------+-------+-------+-------+-------++-------
  Melee: Trident           |   100 |    88 |   357 |   127 ||   672
         Punch             |       |     2 |     5 |       ||     7
         Kick              |       |       |    88 |    25 ||   113
  Throw: Throwing net      |       |     2 |     3 |     1 ||     6
    Use: Scroll            |     2 |     5 |    12 |       ||    19
         Potion            |       |     1 |       |     2 ||     3
   Stab: Sleeping          |     3 |       |     5 |       ||     8
         Held in net/web   |       |     2 |     1 |       ||     3
 Armour: Leather armour    |    16 |     9 |    89 |    15 ||   129
  Dodge: Dodged            |    36 |    25 |   194 |   100 ||   355
